 Dungeon Crawl Stone Soup version 0.21-a0-361-g4efd3f9 (webtiles) character file.

84 Ijustatesigmund the Sneak (level 4, -2/21 HPs)
             Began as a Spriggan Enchanter on Oct 13, 2017.
             Shot with an arrow by a centaur (7 damage)
             ... on level 2 of the Dungeon.
             The game lasted 00:05:27 (2138 turns).

Ijustatesigmund the Sneak (Spriggan Enchanter)      Turns: 2138, Time: 00:05:28

Health: -2/21      AC:  4    Str:  4    XL:     4   Next: 23%
Magic:  7/11       EV: 18    Int: 17    God:
Gold:   76         SH:  0    Dex: 16    Spells: 9/12 levels left

rFire    . . .     SeeInvis +   a - +2 short sword (speed)
rCold    . . .     Gourm    .   (shield restricted)
rNeg     . . .     Faith    .   b - +0 robe
rPois    .         Spirit   .   (helmet restricted)
rElec    .         Reflect  .   g - +1 cloak
rCorr    .         Harm     .   (gloves unavailable)
MR       .....                  (boots unavailable)
Stlth    ++........             (no amulet)
HPRegen  0.07/turn              j - ring of loudness (curse)
MPRegen  0.12/turn              (no ring)

@: very quick
A: unfitting armour, see invisible, herbivore 3, speed 3, slow metabolism 2
a: no special abilities


You were on level 2 of the Dungeon.
You were not hungry.

You visited 1 branch of the dungeon, and saw 2 of its levels.

You collected 76 gold pieces.

Inventory:

Hand Weapons
 a - a +2 short sword of speed (weapon)
 i - a +1 dagger
Armour
 b - a +0 robe (worn)
 g - a +1 cloak (worn)
Jewellery
 j - a cursed ring of loudness (left hand)
Scrolls
 n - a scroll of recharging
Potions
 e - a potion of degeneration {unknown}
 h - 2 potions of curing {unknown}
 k - 2 potions of magic {unknown}
 l - 2 potions of heal wounds {unknown}
 m - 2 potions of flight {unknown}
 o - a potion of haste {unknown}
Books
 c - a book of Maledictions

   Spells                             Type                      Level
   a - Corona                         Hexes                        1
   b - Ensorcelled Hibernation        Hexes/Ice                    2
   c - Confuse                        Hexes                        3
   d - Tukima's Dance                 Hexes                        3
   e - Dazzling Spray                 Conjuration/Hexes            3
Comestibles
 d - 3 bread rations
 f - 2 royal jellies


   Skills:
 - Level 2.0 Short Blades
 - Level 3.0 Dodging
 - Level 5.0 Stealth
 + Level 4.5 Spellcasting
 - Level 3.6 Hexes
 + Level 1.0 Ice Magic


You had 9 spell levels left.
You knew the following spells:

 Your Spells              Type           Power        Failure   Level  Hunger
a - Corona                Hex            ###....      3%          1    None
b - Ensorcelled Hibernat  Hex/Ice        ##....       9%          2    ##.....


Dungeon Overview and Level Annotations

Branches:
Dungeon (2/15)

Altars:


Innate Abilities, Weirdness & Mutations

You are very small and have problems with some larger weapons.
You are too small for most types of armour.
You have supernaturally acute eyesight. (SInv)
You are a herbivore.
You cover ground extremely quickly.
You need consume almost no food.


Message History

It was a scroll of immolation.
You start resting.
Magic restored.
You start resting.
Casting: Corona
Confirm with . or Enter, or press ? or * to list all spells.
Aiming: Ensorcelled Hibernation
Press: ? - help, Shift-Dir - straight line, f - centaur
Aim: a centaur (chance to defeat MR: 42%)
The centaur resists with some effort.
The centaur wields a shortbow.
The centaur shoots an arrow.
The arrow hits you!
* * * LOW HITPOINT WARNING * * *
Casting: Ensorcelled Hibernation
Confirm with . or Enter, or press ? or * to list all spells.
Aiming: Ensorcelled Hibernation
Press: ? - help, Shift-Dir - straight line, f/p - centaur
Aim: a centaur, wielding a shortbow (chance to defeat MR: 42%)
The centaur resists with some effort.
The centaur shoots an arrow.
The arrow hits you!
You die...

..# #... #...###..#....#
..####### #........#....#
......## ####...........#
.......## #...##†........#
........# #.....##.......#
.)......# #..##...##....<#
........### #.........#w...#
.)........########c...##.w..#...#
........#.......@..........J#....
.......###########...##......#...
.(......# #...$....#..#...
........# #......#.#...#..
.<......# #......#... .#c.
........# #........ ........#
###...... .......## ....##
#.....##


You could see a centaur.

Vanquished Creatures
  An adder (D:2)
  3 oozes
  4 dart slugs
  3 leopard geckos (D:1)
  4 bats
  A giant cockroach (D:1)
  8 goblins
  8 hobgoblins
  4 jackals (D:2)
  2 kobolds
  3 ball pythons (D:2)
  3 frilled lizards
  4 rats
48 creatures vanquished.

Notes
Turn   | Place    | Note
-------+----------+-------------------------------------------
     0 | D:1      | Ijustatesigmund the Spriggan Enchanter began the quest for the Orb.
     0 | D:1      | Reached XP level 1. HP: 9/9 MP: 5/5
   554 | D:1      | Reached XP level 2. HP: 13/13 MP: 4/6
   558 | D:1      | Learned a level 2 spell: Ensorcelled Hibernation
   610 | D:1      | Reached skill level 5 in Stealth
   877 | D:1      | Reached XP level 3. HP: 16/16 MP: 9/9
  1564 | D:2      | Noticed a centaur
  2079 | D:2      | Reached XP level 4. HP: 18/21 MP: 11/11
  2107 | D:2      | Reached skill level 1 in Ice Magic
  2138 | D:2      | Shot with an arrow by a centaur

Vault maps used:
D:1:      co_arrival_random_square_maze, minmay_misc_feat_tiny,
          minmay_door_square, corexii_item_surrounded_by_moat
D:2:      first_bread, hangedman_decor_peaks_small

Skill      XL: |  1  2  3  4 |
---------------+-------------+-----
Stealth        | 5 |  5.0
Short Blades   | 2 |  2.0
Spellcasting   | 3 4 |  4.5
Ice Magic      | 1 |  1.0
Dodging        | |  3.0
Hexes          | |  3.6

Action                   |  1- 3 |  4- 6 || total
-------------------------+-------+-------++-------
Melee: Dagger            |    81 |       ||    81
       Short sword       |    77 |    15 ||    92
 Cast: Corona            |     5 |     3 ||     8
       Ensorcelled Hiber |     3 |     2 ||     5
  Use: Scroll            |     5 |     2 ||     7
 Stab: Sleeping          |    15 |       ||    15
Armor: Robe              |    12 |     3 ||    15
Dodge: Dodged            |   110 |     6 ||   116

Table legend:
 A = Spawn XP
 B = Non-spawn XP
 C = Spawn XP percentage of total XP
 D = Spawn monster count
 E = Non-spawn monster count
 F = Spawn count percentage of total count
 G = Total turns spent on level
                    A         B        C        D         E        F      G
               +---------+---------+-------+---------+---------+-------+---------
         Total |       0 |     120 |   0.0 |       0 |      48 |   0.0 |  2138
               +---------+---------+-------+---------+---------+-------+---------
           D:1 |       0 |      59 |   0.0 |       0 |      25 |   0.0 |  1581
           D:2 |       0 |      61 |   0.0 |       0 |      23 |   0.0 |   557
               +---------+---------+-------+---------+---------+-------+---------
